 Dungeon Crawl Stone Soup version 0.15.0-14-g6bbbb5c (console) character file.

233 gw the Covered (level 5, 0/49 HPs)
             Began as a Deep Dwarf Fighter on Sept 4, 2014.
             Killed from afar by an orc wizard (8 damage)
             ... with a puff of flame
             ... on Level 4 of the Dungeon.
             The game lasted 00:01:37 (2179 turns).

gw the Covered (Deep Dwarf Fighter)                 Turns: 2179, Time: 00:01:37

HP   0/49        AC 10     Str 19      XL: 5   Next: 75%
MP   5/5         EV  7     Int  9      God:
Gold 0           SH  0     Dex 13      Spells:  0 memorised,  4 levels left

rFire  . . .     SeeInvis .     a - +3 war axe
rCold  . . .     Clarity  .     q - +0 chain mail
rNeg   . . .     rCorr    .     (no shield)
rPois  .         rRot     .     (no helmet)
rElec  .         Spirit   .     (no cloak)
SustAb +         Warding  .     j - +0 pair of gloves
rMut   .         Stasis   .     (no boots)
Gourm  .                        (no amulet)
MR     .....                    (no ring)
                                h - ring of sustain abilities

@: non-regenerating, not resistant to hostile enchantments, extremely unstealthy
A: damage resistance, recharge devices, sense surroundings 1, slow healing 3
a: Device Recharging


You were on level 4 of the Dungeon.
You were not hungry.

You visited 1 branch of the dungeon, and saw 4 of its levels.

Inventory:

Hand weapons
 a - a +3 war axe (weapon)
Missiles
 k - 3 javelins (quivered)
 o - 50 stones
Armour
 j - a +0 pair of gloves (worn)
 q - a +0 chain mail (worn)
Magical devices
 d - a wand of heal wounds (1)
Comestibles
 f - 2 bread rations
 l - 2 fruits
 n - a royal jelly
Scrolls
 b - 2 scrolls of enchant armour
 e - 3 scrolls of remove curse
 p - a scroll of noise
Jewellery
 h - a ring of sustain abilities (left hand)
Potions
 c - a potion of magic
 g - a potion of curing
 i - a potion of invisibility


   Skills:
 + Level 3.6 Fighting
 * Level 4.2 Axes
 + Level 2.1 Throwing
 + Level 4.4 Armour
   Level 3.2 Shields


You had 4 spell levels left.
You didn't know any spells.

Dungeon Overview and Level Annotations

Branches:
Dungeon (4/15)
 Temple: D:4-7

Altars:
The Shining One


Innate Abilities, Weirdness & Mutations

You are resistant to damage.
You can recharge devices by infusing magical energy.
You passively map a small area around you.
You do not heal naturally.


Message History

Zapping:
d - a wand of heal wounds (2)
Press: ? - help, Shift-Dir - straight line, f - you You feel much better.
This wand has 1 charge left.
The orc wizard casts a spell at you. The puff of flame hits you!
ATTACK MOVE TO (-1,1)
You barely miss the ogre.
The ogre is heavily wounded.
You closely miss the orc wizard. The ogre hits you with a giant club!!
The orc wizard's eyes start to glow.
The orc wizard becomes somewhat translucent.
ATTACK MOVE TO (-1,1)
You hit the ogre.
The ogre is severely wounded.
You hit the orc wizard.
The orc wizard is moderately wounded.
The ogre hits you with a giant club! The orc wizard casts a spell at you.
The puff of flame hits you!
You die...

**..# #.... , , *....#
#...### #...###...#.## #
* #....#....#..# .# *,
..,#..........####.#### ,
*#.. #...........#.......
.....##..(...............
...............%O##......
, .......#..#####)g##
...., ......##..# #o##
... .....#*#..## #o# . ,
* .....# #...#* .o# * ,
....$###...##...#
..#..##......#..# * , ,
.........######., , ,
....###..# .. , *
.........# ,.


You could see an ogre, 2 orc wizards and an orc.

Table legend:
 A = Turns spent in this place as a percentage of turns spent in the entire game.
 B = Non-inter-level travel turns spent in this place as a percentage of non-inter-level travel turns spent in the entire game.
 C = Inter-level travel turns spent in this place as a percentage of turns spent in this place.
 D = Turns resting spent in this place as a percentage of non-inter-level travel turns spent in this place.
 E = Turns spent auto-exploring this place as a percentage of non-inter-level travel turns spent in this place.
 F = Non-inter-level travel turns spent in this place divided by the number of levels of this place that you've seen.
                   A       B       C       D       E      F
               +-------+-------+-------+-------+-------+----------------------
         Total | 100.0 | 100.0 |   1.3 |   0.0 |  16.5 | 194.0
       Dungeon | 100.0 | 100.0 |   1.3 |   0.0 |  16.5 | 194.0
               +-------+-------+-------+-------+-------+----------------------

Table legend:
 A = Kills in this place as a percentage of kills in entire the game.
 B = Kills by you in this place as a percentage of kills by you in the entire game.
 C = Kills by friends in this place as a percentage of kills by friends in the entire game.
 D = Other kills in this place as a percentage of other kills in the entire game.
 E = Experience gained in this place as a percentage of experience gained in the entire game.
 F = Experience gained in this place divided by the number of levels of this place that you have seen.
                   A       B       C       D       E      F
               +-------+-------+-------+-------+-------+----------------------
         Total | 100.0 | 100.0 |  -nan |  -nan | 100.0 |  83.5
       Dungeon | 100.0 | 100.0 |  -nan |  -nan | 100.0 |  83.5
               +-------+-------+-------+-------+-------+----------------------

Vanquished Creatures
  2 orc wizards (D:3)
  A worker ant (D:4)
  7 adders
  3 worms
  2 giant geckos (D:1)
  6 orcs
  2 giant cockroaches
  7 goblins
  10 hobgoblins
  6 jackals
  7 kobolds
  6 bats
  6 giant newts
  A kobold zombie (D:3)
  7 rats
73 creatures vanquished.

Notes
Turn   | Place    | Note
--------------------------------------------------------------
     0 | D:1      | gw, the Deep Dwarf Fighter, began the quest for the Orb.
     0 | D:1      | Reached XP level 1. HP: 20/20 MP: 1/1
   212 | D:1      | Reached XP level 2. HP: 25/27 MP: 2/2
   639 | D:2      | Reached skill level 1 in Throwing
   750 | D:2      | Reached XP level 3. HP: 33/33 MP: 3/3
  1093 | D:2      | Reached XP level 4. HP: 33/42 MP: 4/4
  1536 | D:3      | Reached skill level 4 in Armour
  1543 | D:3      | Reached XP level 5. HP: 32/49 MP: 5/5
  1767 | D:3      | Found a glowing golden altar of the Shining One.
  2116 | D:4      | Noticed an ogre
  2179 | D:4      | Killed from afar by an orc wizard

Action                   |  1- 3 |  4- 6 || total
-------------------------+-------+-------++-------
Melee: War axe           |    55 |    69 ||   124
Throw: Stone             |    10 |    58 ||    68
       Javelin           |    20 |    40 ||    60
Evoke: Wand              |       |     4 ||     4
  Use: Scroll            |     8 |     3 ||    11
       Potion            |     5 |     5 ||    10
  Eat: Chunk             |     1 |     3 ||     4

Vault maps used:
D:1:      co_arrival_square_in_a_square_in_a_square, serial_glass,
          glass_columns_b, glass_columns_b, minivault_14, item_on_display_b
D:3:      nicolae_tso_swordbearing_angel, first_bread, bh_chokoban,
          minmay_cupped
D:4:      gup_ossuary_entry_pyramid
